 Dungeon Crawl Stone Soup version 0.21.0-22-g11d5b5247c (webtiles) character file.

18358 Rrauwl the Basher (level 12, -16/72 HPs)
             Began as a Gargoyle Artificer on Jan 19, 2018.
             Was a High Priest of Qazlal.
             Hit by a large rock thrown by a stone giant (38 damage)
             ... in a volcano.
             The game lasted 01:01:43 (11238 turns).

Rrauwl the Basher (Gargoyle Artificer)             Turns: 11238, Time: 01:01:44

Health: -16/72     AC: 15    Str: 18    XL:     12   Next: 57%
Magic:  15/15      EV: 13    Int: 13    God:    Qazlal [*****.]
Gold:   685        SH:  7    Dex: 12    Spells: 11/11 levels left

rFire    + . .     SeeInvis .   a - +0 demon whip (flame)
rCold    . . .     Gourm    .   (no shield)
rNeg     + . .     Faith    .   (no armour)
rPois    ∞         Spirit   .   j - +1 helmet
rElec    +         Reflect  .   x - +0 cloak
rCorr    .         Harm     .   v - +0 pair of gloves
MR       .....                  r - +0 pair of boots
Stlth    +.........             y - amulet of rage
HPRegen  0.22/turn              k - ring of stealth
MPRegen  0.14/turn              h - ring of protection from fire

@: berserk cooldown, slowed, repel missiles, very slow
A: camouflage 1, negative energy resistance 1, sense surroundings 1, electricity
resistance, unbreathing, petrification resistance, rot immunity, AC +8
a: Upheaval, Elemental Force, Disaster Area, Renounce Religion, Evoke Berserk
Rage


You were in a volcano.
You worshipped Qazlal.
Qazlal was extremely pleased with you.
You were not hungry.

You visited 2 branches of the dungeon, and saw 11 of its levels.
You also visited: Sewer, Ossuary and Volcano.

You collected 685 gold pieces.

Inventory:

Hand Weapons
 a - a +0 demon whip of flaming (weapon)
 b - a +5 longbow of velocity
 c - a +3 flail of protection
Missiles
 s - 59 arrows
Armour
 j - a +1 helmet (worn)
 r - a +0 pair of boots (worn)
 t - a +0 ring mail of cold resistance
 v - a +0 pair of gloves (worn)
 x - a +0 cloak (worn)
 I - a +2 chain mail of fire resistance
Jewellery
 h - a ring of protection from fire (right hand)
 k - a ring of stealth (left hand)
 u - an uncursed amulet of regeneration
 y - an amulet of rage (around neck)
 z - an uncursed ring of flight
Wands
 d - a wand of enslavement (9)
 l - a wand of random effects (11)
 m - a wand of disintegration (13)
 p - a wand of scattershot (2)
 D - a wand of acid (5)
 G - a wand of flame (26)
 H - a wand of paralysis (29)
Scrolls
 f - 2 scrolls of fear
 i - 2 scrolls of identify
 n - a scroll of remove curse
 A - a scroll of teleportation
 E - a scroll of vulnerability
Potions
 g - 11 potions of curing
 o - a potion of agility
 w - a potion of flight
 B - a potion of mutation
Miscellaneous
 F - a fan of gales
Comestibles
 e - 40 rations


   Skills:
 + Level 7.0 Fighting
   Level 1.0 Short Blades
 - Level 14.0 Maces & Flails
 - Level 6.0 Bows
 - Level 10.0 Armour
 - Level 4.0 Dodging
 - Level 1.1 Stealth
 + Level 1.0 Invocations
 - Level 5.0 Evocations


You had 11 spell levels left.
You didn't know any spells.

Dungeon Overview and Level Annotations

Branches:
Dungeon (9/15)             Temple (0/1) D:4            Lair (2/6) D:9
  Snake (0/4) Lair:2
  Swamp: Lair:2-4    Shoals: Lair:2-4       Orc: D:9-12

Altars:
Ashenzari
Cheibriados
Fedhas
Okawaru
Qazlal
Ru
Sif Muna
Trog
Uskayaw
Wu Jian
Yredelemnul
The Shining One


Innate Abilities, Weirdness & Mutations

You are resistant to torment.
Your stone body is resilient. (AC +8)
You are immune to poison.
You resist negative energy. (rN+)
You are resistant to electric shocks. (rElec)
You can survive without breathing.
You are immune to petrification.
You are immune to rotting.
Your skin changes colour to match your surroundings (Stealth+).
You passively map a small area around you.


Message History

You hit the gargoyle but do no damage.
The gargoyle is almost destroyed.
You hit the gargoyle but do no damage.
The gargoyle is almost destroyed.
The gargoyle is engulfed in freezing vapours.
You destroy the gargoyle!
Qazlal accepts your kill.
Your Fighting skill increases to level 7!
Your Invocations skill increases to level 1!
The stone giant seems to regain its courage.
Things that are here:
a morningstar; a scimitar of flaming You feel a strong urge to attack something.
You feel your anger nearly subside.
You are no longer berserk.
You are exhausted.
You feel yourself slow down.
The stone giant throws a large rock.
The large rock barely misses you.
The stone giant throws a large rock.
The large rock hits you!!!
Ouch! That really hurt!
You die...

##≈≈§.≈≈## #..≈)..≈≈#
##...[...# #C......##
#...∩..## #########
######C###*
##.......######.....#..#
##..........##.§.).......
#....∩∩.##.#@§.§§§..≈.§§§§
,
#≈....≈######..§...≈≈≈≈§§§
#≈≈..§## #.§...≈≈§≈§≈§≈≈≈
##≈≈§## ##.....§≈≈§§≈≈≈
#§§# #.....≈≈≈≈§§≈≈≈ ##§
#......≈§≈≈≈≈§≈, ##
##.#.....≈.≈.≈, *
##....... * *


You could see a stone giant.

Vanquished Creatures
  The ghost of zetsub0u the Spear-Bearer, a journeyman HOFi of Gozag (Lair:2)
  Erolcha (D:9)
  2 two-headed ogres (D:7)
  The ghost of cada the Martial Artist, a novice DsMo of Cheibriados (D:9)
  Pikel (D:4)
  2 gargoyles (Volcano)
  An efreet (Volcano)
  A komodo dragon (Lair:2)
  A queen bee (D:9)
  A troll (D:9)
  The ghost of cada the Shield-Bearer, an amateur FoFi (D:4)
  Grinder (D:3)
  6 blink frogs
  3 hippogriffs
  6 dream sheep (Lair:1)
  Sigmund (D:3)
  5 orc warriors
  Eustachio (D:5)
  A basilisk (D:9)
  10 yaks
  A fire elemental (Volcano)
  A hungry ghost (D:9)
  3 nagas (Lair:2)
  Edmund (D:5)
  3 water moccasins
  8 porcupines
  Duvessa (D:5)
  2 ice beasts (D:9)
  3 sky beasts
  4 black bears
  A phantom (D:8)
  3 slaves (D:4)
  3 centaurs
  3 ogres
  5 wolves (Lair:2)
  6 crocodiles
  2 big kobolds
  Blork the orc (D:6)
  6 bullfrogs
  2 earth elementals (Volcano)
  A scorpion (D:5)
  25 killer bees (D:9)
  11 wights
  A howler monkey (D:9)
  2 crimson imps
  A bullfrog zombie (D:5)
  3 orc priests
  3 hounds
  A bullfrog skeleton (D:6)
  Crazy Yiuf (D:6)
  7 orc wizards
  Terence (D:2)
  2 iguanas
  6 worker ants
  A big kobold zombie (Ossuary)
  A hound skeleton (D:4)
  8 mummies (Ossuary)
  3 gnolls (D:6)
  8 adders
  A howler monkey skeleton (D:7)
  A river rat (D:6)
  4 shadow imps
  2 oozes (D:3)
  2 adder skeletons (D:6)
  5 worms
  12 leopard geckos
  28 orcs
  15 giant cockroaches
  A gnoll zombie (Ossuary)
  13 goblins
  3 hobgoblins
  3 jackals (D:2)
  5 quokkas
  2 ball pythons
  5 bats
  6 frilled lizards
  A giant cockroach zombie (D:5)
  3 hobgoblin zombies (Ossuary)
  14 kobolds
  2 kobold zombies (Ossuary)
  A leopard gecko skeleton (D:5)
  An orc zombie (Ossuary)
  A quokka skeleton (D:9)
  A quokka zombie (D:9)
  17 rats
341 creatures vanquished.

Vanquished Creatures (collateral kills)
  An orc wizard (D:6)
  A worker ant (D:6)
  An orc (D:6)
3 creatures vanquished.

Vanquished Creatures (others)
  A slave (D:4)
  Dowan (D:5)
  A leopard gecko (D:5)
  4 bushes (D:9)
  5 fungi
  22 plants
34 creatures vanquished.

Grand Total: 378 creatures vanquished

Notes
Turn   | Place    | Note
-------+----------+-------------------------------------------
     0 | D:1      | Rrauwl the Gargoyle Artificer began the quest for the Orb.
     0 | D:1      | Reached XP level 1. HP: 12/12 MP: 2/2
    47 | D:1      | Reached skill level 1 in Short Blades
   116 | D:1      | Reached XP level 2. HP: 15/16 MP: 4/4
  1082 | D:2      | Reached XP level 3. HP: 16/21 MP: 5/5
  1110 | D:2      | Found a sacrificial altar of Ru.
  1144 | D:2      | Found a hide-covered altar of Uskayaw.
  1208 | D:2      | Reached skill level 1 in Maces & Flails
  1242 | D:2      | Found an ornate altar of the Wu Jian Council.
  1243 | D:2      | Found a stormy altar of Qazlal.
  1253 | D:2      | Became a worshipper of Qazlal Stormbringer
  1293 | D:2      | Noticed Terence
  1298 | D:2      | Killed Terence
  1298 | D:2      | Reached XP level 4. HP: 28/28 MP: 6/6
  1493 | D:2      | Reached skill level 2 in Maces & Flails
  2090 | D:3      | Found a faded altar of an unknown god.
  2256 | D:3      | Reached XP level 5. HP: 31/32 MP: 7/7
  2400 | D:3      | Found a shattered altar of Ashenzari.
  2517 | D:3      | Reached * piety under Qazlal
  2521 | D:3      | Reached skill level 1 in Armour
  2558 | D:3      | Noticed Grinder
  2565 | D:3      | Killed Grinder
  2565 | D:3      | Reached skill level 3 in Maces & Flails
  2565 | D:3      | Reached XP level 6. HP: 37/39 MP: 8/8
  2579 | D:3      | Noticed Sigmund
  2636 | D:3      | Killed Sigmund
  2636 | D:3      | Reached skill level 4 in Maces & Flails
  2636 | D:3      | Reached XP level 7. HP: 26/44 MP: 9/9
  3198 | D:4      | Noticed cada's ghost (amateur FoFi)
  3201 | D:4      | Killed cada's ghost
  3219 | D:4      | Noticed Pikel
  3299 | D:4      | Killed Pikel
  3299 | D:4      | Reached skill level 5 in Maces & Flails
  3299 | D:4      | Reached skill level 5 in Armour
  3299 | D:4      | Reached XP level 8. HP: 27/48 MP: 10/10
  3543 | D:4      | Found a deep blue altar of Sif Muna.
  3586 | D:4      | Found a staircase to the Ecumenical Temple.
  3743 | D:5      | Entered Level 5 of the Dungeon
  3791 | D:5      | Reached skill level 6 in Maces & Flails
  3849 | D:5      | Noticed Eustachio
  3909 | D:5      | Killed Eustachio
  3909 | D:5      | Reached skill level 7 in Maces & Flails
  3914 | D:5      | Noticed Dowan
  3916 | D:5      | Noticed Duvessa
  3945 | D:5      | Your ally died
  3948 | D:5      | Killed Duvessa
  4121 | D:5      | Noticed Edmund
  4170 | D:5      | Killed Edmund
  4170 | D:5      | Reached skill level 8 in Maces & Flails
  4217 | D:5      | Found a glowing golden altar of the Shining One.
  4388 | D:5      | Found an iron altar of Okawaru.
  4548 | D:5      | Reached XP level 9. HP: 52/52 MP: 11/11
  4557 | D:5      | Found a snail-covered altar of Cheibriados.
  4978 | D:5      | Reached skill level 9 in Maces & Flails
  5163 | D:6      | Reached skill level 5 in Fighting
  5259 | D:6      | Reached ** piety under Qazlal
  5320 | D:6      | Found a glowing drain.
  5335 | Sewer    | Entered a sewer
  5597 | Sewer    | Identified the Grimoire of Ghastly Transmigration
  5855 | D:6      | Got a fine whip
  5857 | D:6      | Identified the +5 whip "Junguc" {drain, *Corrode rN+++ Dex+6} (You found it on level 6 of the Dungeon)
  5863 | D:6      | Noticed Blork the orc
  5877 | D:6      | Killed Blork the orc
  6025 | D:6      | Found a basalt altar of Yredelemnul.
  6047 | D:6      | Found a runed door.
  6051 | D:6      | Noticed Crazy Yiuf
  6053 | D:6      | Killed Crazy Yiuf
  6318 | D:7      | Reached *** piety under Qazlal
  6323 | D:7      | Reached skill level 10 in Maces & Flails
  6340 | D:7      | Noticed a two-headed ogre
  6346 | D:7      | Killed a two-headed ogre
  6346 | D:7      | Reached skill level 11 in Maces & Flails
  6346 | D:7      | Reached XP level 10. HP: 59/59 MP: 12/12
  6472 | D:7      | Found a bloodstained altar of Trog.
  6515 | D:7      | Identified a scroll of acquirement
  6634 | D:7      | Found a blossoming altar of Fedhas.
  6697 | D:7      | Reached skill level 1 in Bows
  6801 | D:7      | Noticed a two-headed ogre
  6813 | D:7      | Killed a two-headed ogre
  6813 | D:7      | Reached skill level 12 in Maces & Flails
  7337 | D:8      | Reached **** piety under Qazlal
  7383 | D:8      | Found a sand-covered staircase.
  7388 | Ossuary  | Entered an ossuary
  8323 | D:9      | Noticed Erolcha
  8330 | D:9      | Killed Erolcha
  8330 | D:9      | Reached skill level 5 in Bows
  8330 | D:9      | Reached XP level 11. HP: 63/63 MP: 13/13
  8784 | D:9      | Reached skill level 13 in Maces & Flails
  8802 | D:9      | Reached ***** piety under Qazlal
  8844 | D:9      | Noticed cada's ghost (novice DsMo)
  8906 | D:9      | Killed cada's ghost
  8906 | D:9      | Reached skill level 5 in Evocations
  9136 | D:9      | Found a staircase to the Lair.
  9657 | D:9      | Found a glowing golden altar of the Shining One.
  9727 | Lair:1   | Entered Level 1 of the Lair of Beasts
  9731 | Lair:1   | Reached skill level 14 in Maces & Flails
 10222 | Lair:1   | Reached XP level 12. HP: 54/68 MP: 15/15
 10869 | Lair:2   | Noticed zetsub0u's ghost (journeyman HOFi)
 10895 | Lair:2   | Killed zetsub0u's ghost
 10898 | Lair:2   | Reached skill level 10 in Armour
 10912 | Lair:2   | Found a staircase to the Snake Pit.
 11124 | Lair:2   | Found a dark tunnel.
 11133 | Volcano  | Entered a volcano
 11219 | Volcano  | Noticed a stone giant
 11225 | Volcano  | Gained mutation: Your muscles are strong. (Str +2) [potion of mutation]
 11225 | Volcano  | Lost mutation: Your muscles are strong. (Str +2) [potion of mutation]
 11225 | Volcano  | Gained mutation: Your skin changes colour to match your surroundings (Stealth+). [potion of mutation]
 11225 | Volcano  | Gained mutation: You passively map a small area around you. [potion of mutation]
 11231 | Volcano  | Reached skill level 1 in Invocations
 11238 | Volcano  | Hit by a large rock thrown by a stone giant

Skill      XL: |  1  2  3  4  5  6  7  8  9 10 11 12 |
---------------+-------------------------------------+-----
Short Blades   | 1 |  1.0
Dodging        | 2 4 |  4.0
Evocations     | 3 5 |  5.0
Fighting       | 2 3 4 5 7 |  7.0
Maces & Flails | 1 2 3 4 5 8 11 12 14 | 14.0
Armour         | 2 3 5 7 8 10 | 10.0
Bows           | 5 6 |  6.0
Invocations    | 1 |  1.0
Stealth        | |  1.1

Action                   |  1- 3 |  4- 6 |  7- 9 | 10-12 || total
-------------------------+-------+-------+-------+-------++-------
Melee: Short sword       |    35 |       |       |       ||    35
       Whip              |   141 |   127 |   165 |    46 ||   479
       Flail             |       |    54 |   232 |   703 ||   989
       Morningstar       |       |    22 |    50 |       ||    72
       Demon whip        |       |       |       |     6 ||     6
 Fire: Longbow           |       |       |       |    89 ||    89
Invok: Elemental Force   |       |       |       |     1 ||     1
 Abil: Evoke Berserk Rag |       |       |       |     3 ||     3
Evoke: Wand              |     5 |    26 |    19 |    12 ||    62
  Use: Scroll            |     2 |     4 |     5 |    12 ||    23
       Potion            |     1 |     3 |     3 |    15 ||    22
 Stab: Sleeping          |     1 |     1 |       |       ||     2
       Paralysed         |       |    12 |       |       ||    12
  Eat: Chunk             |    13 |    10 |    12 |    19 ||    54
       Ration            |       |       |       |     1 ||     1
Armor: Leather armour    |    80 |    12 |       |       ||    92
       Ring mail         |       |    51 |   205 |   292 ||   548
       Skin              |       |       |       |    20 ||    20
Dodge: Dodged            |   110 |   118 |   184 |   247 ||   659
       Deflected         |       |       |       |     2 ||     2
Block: Other             |       |       |    23 |   169 ||   192
